 Dungeon Crawl Stone Soup version 0.31-a0-267-g3fc6992b3b (webtiles) character file.

Game seed: 9283343125393615940

39 qw the Shooter (level 3, -2/29 HPs)
             Began as a Minotaur Hexslinger on July 14, 2023.
             Slain by Sigmund
             ... wielding a +0 scythe
              (5 damage)
             ... on level 2 of the Dungeon.
             The game lasted 00:00:28 (983 turns).

qw the Shooter (Minotaur Hexslinger)                 Turns: 983, Time: 00:00:29

Health: -2/29      AC:  3    Str: 12    XL:     3   Next: 28%
Magic:  3/3        EV: 12    Int: 10    God:
Gold:   45         SH:  0    Dex: 14    Spells: 3/4 levels left

rFire   . . .        Y - +1 sling
rCold   . . .        (no shield)
rNeg    . . .        d - +0 leather armour
rPois   .            (helmet restricted)
rElec   .            (no cloak)
rCorr   .            (no gloves)
SInv    .            (no boots)
Will    .....        (no amulet)
Stlth   +            (no ring)
HPRegen 0.24/turn    (no ring)
MPRegen 0.08/turn

%: no passive effects
@: no status effects
A: horns 2, retaliatory headbutt
a: no special abilities


You were on level 2 of the Dungeon.
You visited 1 branch of the dungeon, and saw 2 of its levels.

You collected 45 gold pieces.


Innate Abilities, Weirdness & Mutations

You have a pair of horns on your head.
You reflexively headbutt those who attack you in melee.


   Skills:
 - Level 2.0 Fighting
 + Level 3.9 Ranged Weapons
 - Level 2.1 Dodging
 - Level 1.0 Spellcasting
 - Level 2.0 Hexes


You had 3 spell levels left.
You knew the following spells:

 Your Spells              Type           Power      Damage    Failure   Level
a - Slow                  Hex            16%        N/A       19%         1

Your spell library contained the following spells:

 Spells                   Type           Power      Damage    Failure   Level
 Inner Flame              Hex/Fire       2%         N/A       65%         3
 Portal Projectile        Hex/Tloc       4%         N/A       65%         3
 Cause Fear               Hex            2%         N/A       88%         4

Inventory:

Hand Weapons
 Y - a +1 sling (weapon)
Armour
 d - a +0 leather armour (worn)
Scrolls
 a - a scroll of butterflies {unknown}

Dungeon Overview and Level Annotations

Branches:
Dungeon (2/15)

Altars:

Annotations:
D:2 Sigmund


Message History

You kill the kobold!
You shoot a sling bullet. The sling bullet hits Sigmund.
Sigmund is lightly wounded.
Sigmund barely misses you.
You shoot a sling bullet. The sling bullet hits the kobold.
You kill the kobold!
Sigmund hits you from afar with a +0 scythe.
You shoot a sling bullet. The sling bullet barely misses Sigmund.
Sigmund barely misses you.
You shoot a sling bullet. The sling bullet hits Sigmund.
Sigmund is moderately wounded.
Sigmund hits you from afar with a +0 scythe.
You shoot a sling bullet. The sling bullet barely misses Sigmund.
You shoot a sling bullet. The sling bullet hits Sigmund.
Sigmund is severely wounded.
Sigmund casts a spell.
Sigmund flickers and vanishes!
Deactivating autopickup; reactivate with Ctrl-A.
Something hits you.
You shoot a sling bullet. You shoot a sling bullet.
You hear some strange, mumbled words.
You are confused.
Something hits you.
You shoot a sling bullet. You shoot a sling bullet.
Something barely misses you.
You shoot a sling bullet. Something hits you but does no damage.
You shoot a sling bullet. Something hits you but does no damage.
You shoot a sling bullet.
You feel less confused. Something hits you.
You shoot a sling bullet. You shoot a sling bullet.
Something barely misses you.
You shoot a sling bullet. Something hits you.
You die...

#### ### ### #.. ... >.#
## ... ..# ##...##. #
#.# #.# ####.#.#..#.#
#.# #.# #.....)....#.#
#.## #.# #.##.#)#{...#
.#.## #.# #.# #.@.#
###.###.# #.# ##.## #
##....# #.# #.#
###.##..###.# #.#
.#..........####.#######
#..#########........^...
##.# #.###.####### ##.#
#.# #.# ...# #.# #.#


There were no monsters in sight!

Vanquished Creatures
  A dart slug (D:1)
  3 orcs (D:2)
  A ball python (D:1)
  4 endoplasms
  A giant cockroach (D:2)
  3 goblins (D:1)
  4 hobgoblins
  6 bats (D:1)
  6 kobolds
  2 rats (D:1)
31 creatures vanquished.

Notes
Turn   | Place    | Note
-------+----------+-------------------------------------------
     0 | D:1      | qw the Minotaur Hexslinger began the quest for the Orb.
     0 | D:1      | Reached XP level 1. HP: 16/16 MP: 1/1
     0 | D:1      | 0 ||| qw: Version: 0.3-a-52-g30416fa
     0 | D:1      | 0 ||| qw: Game counter: 7847
     0 | D:1      | 0 ||| qw: Melee chars always use a shield: true
     0 | D:1      | 0 ||| qw: God list: Okawaru
     0 | D:1      | 0 ||| qw: Allow faded altars: false
     0 | D:1      | 0 ||| qw: Do Orc after clearing Dungeon:15 true
     0 | D:1      | 0 ||| qw: Do second Lair branch before Depths: true
     0 | D:1      | 0 ||| qw: Lair rune preference: random
     0 | D:1      | 0 ||| qw: Goals: Normal
     0 | D:1      | 0 ||| PLANNING D:1-11
    58 | D:1      | HP: 4/16 [frozen (5)]
   186 | D:1      | Reached skill level 3 in Ranged Weapons
   186 | D:1      | Reached XP level 2. HP: 23/23 MP: 2/2
   318 | D:1      | 318 ||| FLEEEEING.
   319 | D:1      | 319 ||| FLEEEEING.
   320 | D:1      | 320 ||| FLEEEEING.
   657 | D:1      | 657 ||| UPGRADING to +0 leather armour.
   667 | D:1      | 667 ||| DROPPING +0 robe.
   668 | D:1      | 668 ||| DROPPING ring of wizardry.
   669 | D:1      | 669 ||| READING 2 scrolls labelled EKOSTO FOFO.
   670 | D:1      | 670 ||| READING scroll labelled NETAYC ZAPP.
   714 | D:1      | 714 ||| READING scroll labelled URAVEY QEOWA.
   715 | D:1      | 715 ||| READING scroll labelled JUTHIEXZOY.
   719 | D:1      | 719 ||| DROPPING scroll of revelation.
   720 | D:1      | 720 ||| DROPPING scroll of poison.
   822 | D:2      | Reached XP level 3. HP: 28/29 MP: 3/3
   964 | D:2      | Noticed Sigmund
   973 | D:2      | HP: 7/29 [something (4)]
   980 | D:2      | HP: 2/29 [something (4)]
   983 | D:2      | Slain by Sigmund

Levels and vault maps discovered:
D:1:      minmay_arrival_radiant_lines, layout_loops_ring, minivault_27,
          grunt_decor_mini_mirrors
D:2:      layout_loops_ring, hangedman_decor_slide_cut, minmay_rat_hole,
          uniq_crazy_yiuf_cottage, uniq_sigmund

Skill      XL: |  1  2 |
---------------+-------+-----
Ranged Weapons | 3 |  3.9
Fighting       | 2 |  2.0
Dodging        | |  2.1
Spellcasting   | |  1.0
Hexes          | |  2.0

Action                     || total
---------------------------++-------
   Fire: Sling             ||   109
    Use: Scroll            ||     4
 Armour: Robe              ||     6
         Leather armour    ||     3
  Dodge: Dodged            ||    21

Table legend:
 A = Non-vault XP
 B = Vault XP
 C = Vault XP percentage of total XP
 D = Non-vault monster count
 E = Vault monster count
 F = Vault count percentage of total count
                 A         B        C        D         E       F
            +---------+---------+-------+---------+---------+-------
      Total |      57 |       0 |   0.0 |      31 |       0 |   0.0
            +---------+---------+-------+---------+---------+-------
        D:1 |      38 |       0 |   0.0 |      22 |       0 |   0.0
        D:2 |      19 |       0 |   0.0 |       9 |       0 |   0.0
            +---------+---------+-------+---------+---------+-------
